3079 views
Uploaded 2020-04-27 14:37:02
Game version 1.32.3
22:41 long 3on3 ladder game on (6)TimbermawHold
Saved by Claims
3079 views
Uploaded 2020-04-27 14:37:02
Game version 1.32.3
22:41 long 3on3 ladder game on (6)TimbermawHold


116 units @ 18.6k
/ 2.9k
55 buildings @ 6.9k
/ 2.6k



| Rod of Necromancy | 1 | 150 |
| Orb of Corruption | 1 | 375 |
| Potion of Healing | 1 | 150 |
| Scroll of Town Portal | 1 | 350 |
| total: | 4 | 1025g |
| Acolyte | 8 | 600 | / | 0 |
| Ghoul | 3 | 360 | / | 0 |
| Crypt Fiend | 9 | 1935 | / | 360 |
| Obsidian Statue | 4 | 800 | / | 140 |
| Frost Wyrm | 3 | 1155 | / | 360 |
| total: | 27 | 4850g | / | 860w |
| Nerubian Tower | 1 | 100 | / | 20 |
| Spirit Tower | 2 | 290 | / | 80 |
| Graveyard | 1 | 215 | / | 0 |
| Crypt | 1 | 200 | / | 50 |
| Altar of Darkness | 1 | 180 | / | 50 |
| Ziggurat | 10 | 1500 | / | 500 |
| Tomb of Relics | 1 | 130 | / | 30 |
| Slaughterhouse | 1 | 140 | / | 135 |
| Sacrificial Pit | 1 | 75 | / | 150 |
| Boneyard | 1 | 175 | / | 200 |
| Halls of the Dead | 1 | 320 | / | 210 |
| Black Citadel | 1 | 325 | / | 230 |
| total: | 17 | 2615g | / | 1115w |
| 0:03 | Acolyte |
| 0:03 | Acolyte |
| 0:10 | Graveyard |
| 0:17 | Crypt |
| 0:41 | Altar of Darkness |
| 0:57 | Ziggurat |
| 1:23 | Tomb of Relics |
| 1:24 | Ghoul |
| 1:48 | Crypt Fiend |
| 2:02 | Ziggurat |
| 2:25 | Crypt Fiend |
| 2:45 | Rod of Necromancy |
| 3:07 | Death Coil |
| 3:31 | Crypt Fiend |
| 3:56 | Halls of the Dead |
| 3:58 | Ghoul |
| 4:20 | Ziggurat |
| 4:21 | Crypt Fiend |
| 4:43 | Nerubian Tower |
| 4:48 | Unholy Aura |
| 5:03 | Creature Attack |
| 5:40 | Crypt Fiend |
| 6:03 | Crypt Fiend |
| 6:44 | Black Citadel |
| 7:17 | Frost Nova |
| 7:29 | Ziggurat |
| 7:31 | Crypt Fiend |
| 7:32 | Creature Carapace |
| 8:10 | Burrow |
| 8:32 | Death Coil |
| 8:35 | Crypt Fiend |
| 8:56 | Slaughterhouse |
| 9:55 | Improved Creature Attack |
| 9:59 | Ziggurat |
| 10:35 | Orb of Corruption |
| 10:41 | Impale |
| 10:59 | Dark Ritual |
| 11:01 | Obsidian Statue |
| 11:21 | Advanced Creature Attack |
| 11:54 | Destroyer Form |
| 11:54 | Obsidian Statue |
| 12:05 | Acolyte |
| 12:29 | Sacrificial Pit |
| 12:55 | Crypt Fiend |
| 13:18 | Acolyte |
| 13:18 | Acolyte |
| 15:06 | Scroll of Town Portal |
| 15:09 | Potion of Healing |
| 15:17 | Acolyte |
| 15:17 | Acolyte |
| 15:18 | Acolyte |
| 15:28 | Boneyard |
| 15:34 | Obsidian Statue |
| 15:44 | Ziggurat |
| 16:04 | Ziggurat |
| 16:48 | Frost Wyrm |
| 16:50 | Improved Creature Carapace |
| 17:58 | Frost Wyrm |
| 18:36 | Ziggurat |
| 18:36 | Ghoul |
| 18:50 | Spirit Tower |
| 18:54 | Ziggurat |
| 19:05 | Ziggurat |
| 19:30 | Obsidian Statue |
| 19:32 | Frost Wyrm |
| 20:00 | Advanced Creature Carapace |
| 20:03 | Spirit Tower |
| 21:39 | Unholy Aura |
| 21:45 | Spiked Carapace |
| 21:46 | Frost Nova |
| Right click | 1238 |
| Select group | 704 |
| Select | 317 |
| Build/train/purchase | 68 |
| Assign group | 58 |
| Use ability | 48 |
| Item give/drop | 3 |
| Minimap ping | 2 |
| Remove unit | 1 |



| Rod of Necromancy | 1 | 150 |
| Scroll of Town Portal | 1 | 350 |
| total: | 2 | 500g |
| Acolyte | 16 | 1200 | / | 0 |
| Ghoul | 4 | 480 | / | 0 |
| Crypt Fiend | 17 | 3655 | / | 680 |
| Necromancer | 11 | 1595 | / | 220 |
| total: | 48 | 6930g | / | 900w |
| Graveyard | 1 | 215 | / | 0 |
| Crypt | 1 | 200 | / | 50 |
| Altar of Darkness | 1 | 180 | / | 50 |
| Ziggurat | 7 | 1050 | / | 350 |
| Tomb of Relics | 1 | 130 | / | 30 |
| Temple of the Damned | 1 | 155 | / | 140 |
| Halls of the Dead | 1 | 320 | / | 210 |
| Black Citadel | 1 | 325 | / | 230 |
| total: | 12 | 1930g | / | 620w |
| 0:04 | Acolyte |
| 0:05 | Acolyte |
| 0:08 | Graveyard |
| 0:15 | Crypt |
| 0:21 | Acolyte |
| 0:42 | Altar of Darkness |
| 0:59 | Ziggurat |
| 1:16 | Ghoul |
| 1:28 | Tomb of Relics |
| 1:51 | Crypt Fiend |
| 2:01 | Ziggurat |
| 2:24 | Crypt Fiend |
| 2:50 | Rod of Necromancy |
| 3:02 | Death Coil |
| 3:11 | Crypt Fiend |
| 3:35 | Crypt Fiend |
| 4:02 | Halls of the Dead |
| 4:10 | Ziggurat |
| 4:40 | Crypt Fiend |
| 4:47 | Unholy Aura |
| 5:01 | Creature Attack |
| 5:25 | Crypt Fiend |
| 5:52 | Crypt Fiend |
| 6:11 | Crypt Fiend |
| 7:14 | Crypt Fiend |
| 7:31 | Temple of the Damned |
| 7:44 | Ziggurat |
| 7:52 | Ghoul |
| 8:02 | Impale |
| 8:31 | Burrow |
| 9:20 | Death Coil |
| 9:22 | Ghoul |
| 9:24 | Necromancer |
| 9:24 | Necromancer |
| 9:39 | Black Citadel |
| 9:40 | Ghoul |
| 9:58 | Crypt Fiend |
| 10:32 | Necromancer |
| 10:32 | Necromancer |
| 10:58 | Crypt Fiend |
| 10:59 | Necromancer |
| 11:11 | Ziggurat |
| 11:20 | Ziggurat |
| 11:34 | Necromancer Adept Training |
| 11:58 | Improved Creature Attack |
| 12:32 | Skeletal Mastery |
| 12:54 | Acolyte |
| 12:54 | Acolyte |
| 12:54 | Acolyte |
| 12:55 | Acolyte |
| 13:31 | Frost Nova |
| 14:24 | Spiked Carapace |
| 15:16 | Acolyte |
| 15:16 | Acolyte |
| 15:16 | Acolyte |
| 15:52 | Acolyte |
| 16:40 | Necromancer |
| 16:59 | Scroll of Town Portal |
| 17:22 | Crypt Fiend |
| 18:23 | Crypt Fiend |
| 18:27 | Necromancer |
| 18:55 | Crypt Fiend |
| 18:57 | Necromancer |
| 19:05 | Creature Carapace |
| 19:07 | Ziggurat |
| 19:13 | Necromancer |
| 19:23 | Acolyte |
| 19:28 | Crypt Fiend |
| 20:09 | Acolyte |
| 20:12 | Crypt Fiend |
| 20:42 | Acolyte |
| 20:42 | Acolyte |
| 20:42 | Acolyte |
| 21:06 | Necromancer |
| 22:02 | Death Pact |
| 22:36 | Crypt Fiend |
| 22:39 | Necromancer |
| Right click | 687 |
| Select group | 373 |
| Select | 278 |
| Assign group | 87 |
| Build/train/purchase | 79 |
| Misc. action | 72 |
| Use ability | 48 |
| Minimap ping | 25 |
| Remove unit | 3 |


| Scroll of Town Portal | 1 | 350 |
| total: | 1 | 350g |
| Peasant | 11 | 825 | / | 0 |
| Rifleman | 24 | 4920 | / | 720 |
| Mortar Team | 6 | 1080 | / | 420 |
| total: | 41 | 6825g | / | 1140w |
| Scout Tower | 3 | 90 | / | 60 |
| Arcane Tower | 1 | 70 | / | 50 |
| Farm | 17 | 1360 | / | 340 |
| Altar of Kings | 1 | 180 | / | 50 |
| Blacksmith | 1 | 140 | / | 60 |
| Barracks | 1 | 160 | / | 60 |
| Lumber Mill | 1 | 120 | / | 0 |
| Workshop | 1 | 140 | / | 140 |
| Arcane Sanctum | 1 | 150 | / | 140 |
| Keep | 3 | 960 | / | 630 |
| Castle | 3 | 1080 | / | 630 |
| total: | 26 | 2340g | / | 850w |
| 0:04 | Peasant |
| 0:04 | Peasant |
| 0:04 | Peasant |
| 0:16 | Peasant |
| 0:39 | Peasant |
| 1:05 | Farm |
| 1:07 | Altar of Kings |
| 1:10 | Blacksmith |
| 1:13 | Barracks |
| 1:16 | Peasant |
| 1:17 | Peasant |
| 1:40 | Farm |
| 1:58 | Farm |
| 2:21 | Rifleman |
| 2:21 | Rifleman |
| 2:21 | Rifleman |
| 2:27 | Peasant |
| 2:54 | Farm |
| 3:09 | Storm Bolt |
| 3:12 | Rifleman |
| 3:21 | Rifleman |
| 4:04 | Rifleman |
| 4:06 | Farm |
| 4:06 | Farm |
| 4:28 | Rifleman |
| 5:06 | Keep |
| 5:07 | Keep |
| 5:29 | Scout Tower |
| 6:13 | Farm |
| 6:14 | Farm |
| 6:14 | Farm |
| 6:30 | Rifleman |
| 6:31 | Rifleman |
| 6:46 | Scout Tower |
| 6:47 | Scout Tower |
| 7:02 | Rifleman |
| 7:18 | Bash |
| 7:38 | Rifleman |
| 7:41 | Workshop |
| 8:00 | Peasant |
| 8:00 | Peasant |
| 8:01 | Peasant |
| 8:03 | Lumber Mill |
| 8:09 | Arcane Tower |
| 8:42 | Holy Light |
| 8:53 | Storm Bolt |
| 9:02 | Mortar Team |
| 9:12 | Rifleman |
| 9:13 | Rifleman |
| 9:16 | Farm |
| 9:17 | Farm |
| 9:19 | Farm |
| 9:21 | Farm |
| 9:40 | Divine Shield |
| 10:06 | Long Rifles |
| 10:08 | Mortar Team |
| 10:55 | Rifleman |
| 10:55 | Rifleman |
| 11:09 | Black Gunpowder |
| 11:25 | Castle |
| 12:21 | Mortar Team |
| 12:22 | Mortar Team |
| 12:52 | Refined Gunpowder |
| 13:51 | Fragmentation Shards |
| 14:17 | Bash |
| 14:40 | Rifleman |
| 14:40 | Rifleman |
| 14:40 | Rifleman |
| 15:20 | Mortar Team |
| 15:20 | Mortar Team |
| 15:42 | Rifleman |
| 16:35 | Scroll of Town Portal |
| 16:55 | Rifleman |
| 16:55 | Rifleman |
| 17:42 | Arcane Sanctum |
| 18:31 | Rifleman |
| 18:31 | Rifleman |
| 18:39 | Holy Light |
| 18:52 | Imbued Gunpowder |
| 20:07 | Farm |
| 20:07 | Farm |
| 20:09 | Farm |
| 20:10 | Farm |
| 20:16 | Studded Leather Armor |
| 20:20 | Sorceress Adept Training |
| 20:21 | Sorceress Master Training |
| 20:50 | Rifleman |
| 22:37 | Storm Bolt |
| Select group | 1178 |
| Right click | 864 |
| Select | 244 |
| Misc. action | 228 |
| Build/train/purchase | 93 |
| Assign group | 66 |
| Use ability | 30 |
| Minimap ping | 19 |
| Chat | 9 |
| Resource trade | 8 |
| Esc | 7 |
107 units @ 16.2k
/ 2.4k
66 buildings @ 7.8k
/ 3.1k


| Scroll of Regeneration | 1 | 100 |
| Staff of Sanctuary | 1 | 250 |
| Potion of Healing | 1 | 150 |
| Scroll of Town Portal | 1 | 350 |
| Potion of Lesser Invulnerability | 1 | 150 |
| total: | 5 | 1000g |
| Peasant | 9 | 675 | / | 0 |
| Footman | 10 | 1350 | / | 0 |
| Rifleman | 5 | 1025 | / | 150 |
| Priest | 7 | 945 | / | 70 |
| Knight | 8 | 1960 | / | 480 |
| Spell Breaker | 1 | 215 | / | 30 |
| total: | 40 | 6170g | / | 730w |
| Scout Tower | 14 | 420 | / | 280 |
| Arcane Tower | 1 | 70 | / | 50 |
| Guard Tower | 3 | 210 | / | 150 |
| Altar of Kings | 1 | 180 | / | 50 |
| Barracks | 2 | 320 | / | 120 |
| Farm | 8 | 640 | / | 160 |
| Arcane Vault | 1 | 130 | / | 30 |
| Blacksmith | 1 | 140 | / | 60 |
| Lumber Mill | 1 | 120 | / | 0 |
| Town Hall | 3 | 1155 | / | 615 |
| Arcane Sanctum | 1 | 150 | / | 140 |
| Keep | 1 | 320 | / | 210 |
| Castle | 1 | 360 | / | 210 |
| total: | 32 | 3255g | / | 1455w |
| 0:02 | Peasant |
| 0:07 | Altar of Kings |
| 0:09 | Peasant |
| 0:17 | Peasant |
| 0:21 | Barracks |
| 0:24 | Peasant |
| 0:33 | Farm |
| 0:37 | Peasant |
| 0:48 | Farm |
| 0:58 | Peasant |
| 1:19 | Peasant |
| 1:23 | Footman |
| 1:30 | Peasant |
| 1:39 | Footman |
| 1:39 | Footman |
| 1:50 | Scout Tower |
| 1:55 | Farm |
| 1:59 | Peasant |
| 2:04 | Footman |
| 2:11 | Summon Water Elemental |
| 2:23 | Footman |
| 2:26 | Arcane Tower |
| 2:48 | Brilliance Aura |
| 2:53 | Footman |
| 3:13 | Footman |
| 3:20 | Keep |
| 4:48 | Arcane Vault |
| 5:13 | Footman |
| 5:58 | Blacksmith |
| 6:00 | Farm |
| 6:01 | Farm |
| 6:20 | Footman |
| 6:56 | Footman |
| 7:01 | Lumber Mill |
| 7:06 | Arcane Sanctum |
| 7:19 | Rifleman |
| 7:27 | Castle |
| 7:42 | Rifleman |
| 7:54 | Potion of Lesser Invulnerability |
| 8:00 | Storm Bolt |
| 8:01 | Rifleman |
| 8:37 | Priest |
| 9:20 | Scroll of Regeneration |
| 9:23 | Rifleman |
| 9:24 | Priest |
| 9:42 | Rifleman |
| 9:42 | Priest |
| 9:56 | Farm |
| 11:14 | Knight |
| 11:15 | Priest |
| 12:05 | Priest Adept Training |
| 12:07 | Knight |
| 12:10 | Iron Plating |
| 12:12 | Barracks |
| 12:18 | Farm |
| 12:36 | Knight |
| 12:38 | Priest |
| 12:54 | Long Rifles |
| 13:04 | Summon Water Elemental |
| 13:09 | Priest Master Training |
| 13:13 | Knight |
| 13:16 | Animal War Training |
| 13:32 | Priest |
| 15:32 | Knight |
| 15:32 | Knight |
| 15:33 | Spell Breaker |
| 15:57 | Town Hall |
| 16:07 | Scout Tower |
| 16:08 | Scout Tower |
| 16:09 | Scout Tower |
| 16:09 | Scout Tower |
| 16:16 | Scout Tower |
| 16:24 | Knight |
| 17:14 | Town Hall |
| 17:15 | Scout Tower |
| 17:15 | Scout Tower |
| 17:15 | Scout Tower |
| 18:06 | Bash |
| 18:35 | Scroll of Town Portal |
| 18:44 | Staff of Sanctuary |
| 18:45 | Potion of Healing |
| 18:55 | Town Hall |
| 18:56 | Scout Tower |
| 18:56 | Scout Tower |
| 18:57 | Scout Tower |
| 19:12 | Priest |
| 19:17 | Sundering Blades |
| 19:20 | Farm |
| 20:05 | Guard Tower |
| 20:06 | Guard Tower |
| 20:08 | Steel Plating |
| 20:10 | Improved Masonry |
| 20:15 | Scout Tower |
| 20:15 | Scout Tower |
| 20:46 | Guard Tower |
| 21:13 | Knight |
| 21:21 | Iron Forged Swords |
| Right click | 608 |
| Select | 349 |
| Select group | 299 |
| Misc. action | 186 |
| Build/train/purchase | 110 |
| Assign group | 52 |
| Use ability | 20 |
| Esc | 7 |
| Chat | 4 |
| Item give/drop | 2 |
| Minimap ping | 1 |


| Rod of Necromancy | 1 | 150 |
| Potion of Healing | 1 | 150 |
| Scroll of Town Portal | 2 | 700 |
| Boots of Speed | 1 | 250 |
| total: | 5 | 1250g |
| Acolyte | 8 | 600 | / | 0 |
| Ghoul | 4 | 480 | / | 0 |
| Crypt Fiend | 7 | 1505 | / | 280 |
| Obsidian Statue | 2 | 400 | / | 70 |
| Banshee | 8 | 1240 | / | 240 |
| total: | 29 | 4225g | / | 590w |
| Nerubian Tower | 1 | 100 | / | 20 |
| Crypt | 1 | 200 | / | 50 |
| Altar of Darkness | 1 | 180 | / | 50 |
| Ziggurat | 8 | 1200 | / | 400 |
| Tomb of Relics | 1 | 130 | / | 30 |
| Graveyard | 2 | 430 | / | 0 |
| Slaughterhouse | 2 | 280 | / | 270 |
| Temple of the Damned | 2 | 310 | / | 280 |
| Halls of the Dead | 1 | 320 | / | 210 |
| Black Citadel | 1 | 325 | / | 230 |
| total: | 17 | 2730g | / | 1080w |
| 0:08 | Crypt |
| 0:11 | Altar of Darkness |
| 0:17 | Acolyte |
| 0:26 | Ziggurat |
| 0:37 | Acolyte |
| 0:54 | Tomb of Relics |
| 1:09 | Ghoul |
| 1:29 | Graveyard |
| 1:34 | Graveyard |
| 1:47 | Ziggurat |
| 1:58 | Ghoul |
| 2:18 | Rod of Necromancy |
| 2:23 | Death Coil |
| 2:51 | Halls of the Dead |
| 3:10 | Crypt Fiend |
| 3:31 | Crypt Fiend |
| 3:48 | Ziggurat |
| 4:18 | Crypt Fiend |
| 4:58 | Crypt Fiend |
| 5:32 | Nerubian Tower |
| 5:36 | Acolyte |
| 5:36 | Acolyte |
| 5:49 | Unholy Aura |
| 6:28 | Slaughterhouse |
| 6:55 | Slaughterhouse |
| 7:02 | Creature Attack |
| 7:03 | Crypt Fiend |
| 7:09 | Ziggurat |
| 7:24 | Frost Nova |
| 7:45 | Obsidian Statue |
| 7:51 | Creature Carapace |
| 8:08 | Boots of Speed |
| 8:28 | Obsidian Statue |
| 8:59 | Crypt Fiend |
| 9:17 | Crypt Fiend |
| 9:28 | Improved Creature Carapace |
| 10:10 | Death Coil |
| 10:28 | Frost Armor |
| 11:01 | Potion of Healing |
| 11:04 | Scroll of Town Portal |
| 11:24 | Black Citadel |
| 11:46 | Temple of the Damned |
| 11:47 | Temple of the Damned |
| 11:52 | Ghoul |
| 11:52 | Ghoul |
| 12:38 | Ziggurat |
| 12:39 | Ziggurat |
| 12:58 | Banshee Adept Training |
| 12:59 | Banshee |
| 15:16 | Banshee Master Training |
| 15:18 | Banshee |
| 15:22 | Ziggurat |
| 15:22 | Ziggurat |
| 15:32 | Acolyte |
| 15:33 | Acolyte |
| 15:33 | Acolyte |
| 15:33 | Acolyte |
| 15:56 | Scroll of Town Portal |
| 16:31 | Banshee |
| 17:00 | Banshee |
| 17:06 | Banshee |
| 17:47 | Frost Nova |
| 17:56 | Banshee |
| 18:31 | Banshee |
| 18:32 | Banshee |
| 18:36 | Advanced Creature Carapace |
| 18:53 | Improved Creature Attack |
| 19:44 | Web |
| 20:51 | Unholy Aura |
| Select group | 700 |
| Right click | 471 |
| Misc. action | 328 |
| Select | 175 |
| Build/train/purchase | 70 |
| Use ability | 32 |
| Assign group | 29 |
| Minimap ping | 6 |
| Remove unit | 1 |



| Scroll of Regeneration | 2 | 200 |
| Scroll of Town Portal | 2 | 700 |
| total: | 4 | 900g |
| Peasant | 10 | 750 | / | 0 |
| Footman | 12 | 1620 | / | 0 |
| Knight | 8 | 1960 | / | 480 |
| Mortar Team | 7 | 1260 | / | 490 |
| Siege Engine | 1 | 195 | / | 60 |
| total: | 38 | 5785g | / | 1030w |
| Altar of Kings | 2 | 360 | / | 100 |
| Barracks | 1 | 160 | / | 60 |
| Farm | 11 | 880 | / | 220 |
| Lumber Mill | 1 | 120 | / | 0 |
| Blacksmith | 1 | 140 | / | 60 |
| Workshop | 1 | 140 | / | 140 |
| Keep | 1 | 320 | / | 210 |
| Castle | 1 | 360 | / | 210 |
| total: | 17 | 1800g | / | 580w |
| 0:02 | Peasant |
| 0:02 | Peasant |
| 0:08 | Altar of Kings |
| 0:19 | Barracks |
| 0:25 | Peasant |
| 0:33 | Farm |
| 0:41 | Peasant |
| 0:58 | Peasant |
| 1:04 | Farm |
| 1:12 | Peasant |
| 1:19 | Footman |
| 1:21 | Peasant |
| 1:35 | Footman |
| 1:48 | Peasant |
| 1:59 | Footman |
| 2:12 | Blizzard |
| 2:18 | Footman |
| 2:40 | Defend |
| 2:44 | Lumber Mill |
| 2:46 | Farm |
| 3:52 | Keep |
| 4:02 | Footman |
| 4:10 | Farm |
| 4:13 | Footman |
| 4:18 | Footman |
| 4:21 | Farm |
| 4:49 | Footman |
| 4:59 | Footman |
| 7:01 | Footman |
| 7:02 | Footman |
| 7:02 | Footman |
| 7:04 | Farm |
| 7:18 | Castle |
| 7:21 | Blacksmith |
| 7:38 | Farm |
| 7:38 | Farm |
| 7:41 | Holy Light |
| 8:11 | Brilliance Aura |
| 8:42 | Iron Forged Swords |
| 8:46 | Workshop |
| 9:03 | Devotion Aura |
| 9:41 | Knight |
| 9:41 | Knight |
| 9:43 | Scroll of Regeneration |
| 9:44 | Scroll of Town Portal |
| 10:00 | Mortar Team |
| 10:03 | Farm |
| 10:47 | Storm Bolt |
| 11:20 | Knight |
| 11:21 | Mortar Team |
| 11:54 | Siege Engine |
| 11:55 | Mortar Team |
| 11:57 | Knight |
| 12:20 | Iron Plating |
| 12:33 | Fragmentation Shards |
| 13:07 | Farm |
| 13:16 | Animal War Training |
| 13:18 | Flare |
| 13:43 | Farm |
| 13:51 | Mortar Team |
| 15:22 | Altar of Kings |
| 15:28 | Peasant |
| 15:28 | Peasant |
| 15:30 | Mortar Team |
| 15:31 | Knight |
| 15:44 | Blizzard |
| 15:51 | Steel Forged Swords |
| 16:50 | Knight |
| 16:52 | Mortar Team |
| 17:58 | Knight |
| 18:06 | Holy Light |
| 18:30 | Knight |
| 18:31 | Mortar Team |
| 18:58 | Scroll of Regeneration |
| 19:01 | Bash |
| 19:10 | Scroll of Town Portal |
| 20:03 | Steel Plating |
| Select group | 1437 |
| Right click | 1074 |
| Misc. action | 729 |
| Select | 661 |
| Build/train/purchase | 109 |
| Use ability | 62 |
| Assign group | 48 |
| Minimap ping | 8 |
| Esc | 3 |
| Item give/drop | 1 |
⇛